 Dungeon Crawl Stone Soup version 0.18.1-50-g88ac8fd (webtiles) character file.

44001 magog001 the Whirler (level 13, -13/99 HPs)
             Began as a Minotaur Hunter on Apr 24, 2017.
             Was a High Priest of Nemelex Xobeh.
             Shot with a bolt by a yaktaur (21 damage)
             ... on level 14 of the Dungeon on Apr 25, 2017.
             The game lasted 03:05:16 (22473 turns).

magog001 the Whirler (Minotaur Hunter)             Turns: 22473, Time: 03:05:16

Health: -13/99     AC: 17    Str: 28      XL:     13   Next: 93%
Magic:  0/22       EV: 27    Int:  7      God:    Nemelex Xobeh [*****.]
Gold:   808        SH:  0    Dex: 20 (21) Spells: 0 memorised, 12 levels left

rFire  + . .     SeeInvis +     p - +2 hunting sling (flame)
rCold  . . .     Gourm    .     o - +3 ring mail {rF+}
rNeg   . . .     Faith    .     (no shield)
rPois  .         Spirit   +     M - +2 hat {SInv}
rElec  .         Dismiss  .     q - +0 cloak
rCorr  .         Reflect  .     P - +2 pair of gloves
SustAt .         Harm     .     (no boots)
MR     .....                    E - amulet of guardian spirit
Stlth  ++........               I - +5 ring of dexterity
                                c - ring of magical power

@: mighty, agile, not resistant to hostile enchantments, unstealthy
A: retaliatory headbutt, horns 2, talons 2, deterioration 1
a: Triple Draw, Deal Four, Stack Five, Renounce Religion


You were on level 14 of the Dungeon.
You worshipped Nemelex Xobeh.
Nemelex Xobeh was extremely pleased with you.
You were not hungry.

You visited 2 branches of the dungeon, and saw 16 of its levels.
You also visited: Sewer.

You collected 1987 gold pieces.
You spent 1179 gold pieces at shops.

Inventory:

Hand Weapons
 d - a +3 falchion of protection
 p - a +2 hunting sling of flaming (weapon)
Missiles
 i - 336 stones
 r - 36 tomahawks
 y - 8 poisoned tomahawks
 T - 30 sling bullets (quivered)
Armour
 o - a +3 ring mail of fire resistance (worn)
 q - a +0 cloak (worn)
 M - a +2 hat of see invisible (worn)
 P - a +2 pair of gloves (worn)
Jewellery
 c - a ring of magical power (left hand)
 E - an amulet of guardian spirit (around neck)
 I - a +5 ring of dexterity (right hand)
Wands
 m - a wand of disintegration (8/24)
 n - a wand of lightning (7/15)
 z - a wand of iceblast (7/15)
 G - a wand of polymorph (9/24)
 K - a wand of acid (13/15)
 L - a wand of enslavement (6/24)
 U - a wand of paralysis (10/24)
Scrolls
 b - a scroll of random uselessness {unknown}
 e - 4 scrolls of remove curse
 g - 4 scrolls of fog
 s - a scroll of immolation {unknown}
 w - 3 scrolls of identify
 B - a scroll of holy word {unknown}
 H - a scroll of amnesia {unknown}
 R - a scroll of magic mapping {unknown}
 S - a scroll of teleportation
Potions
 j - a potion of curing
 l - 3 potions of agility
 x - 2 potions of flight
 D - a potion of berserk rage
 N - a potion of haste
 Q - 3 potions of brilliance
 W - a potion of might
Miscellaneous
 a - an ornate deck of escape
 h - a legendary deck of changes {drawn: 4}
 k - a plain deck of war
 v - a plain deck of war {drawn: 1}
 A - a disc of storms
 C - a plain deck of war {drawn: 4}
 F - a plain deck of destruction {drawn: 3}
 J - a plain deck of escape {drawn: 3}
 O - a plain deck of defence {the Tomb}
 Z - a plain deck of war
Comestibles
 f - 7 bread rations
 t - 3 beef jerkies
 u - 7 slices of pizza
 Y - a meat ration


   Skills:
 * Level 4.4 Fighting
   Level 1.3(2.1) Short Blades
 * Level 2.6(2.9) Long Blades
 * Level 19.6 Slings
 * Level 10.8 Armour
 * Level 12.5 Dodging
 - Level 1.5 Stealth
 + Level 1.8 Evocations


You had 12 spell levels left.
You didn't know any spells.

Dungeon Overview and Level Annotations

Branches:
Dungeon (14/15)            Temple (0/1) D:6            Lair (0/8) D:11
    Orc (2/2) D:9             Elf (0/3) Orc:2
 Vaults: D:13-14

Altars:
Ashenzari
Dithmenos
Elyvilon
Gozag
Kikubaaqudgha
Makhleb
Nemelex Xobeh
Okawaru
Pakellas
Sif Muna
Xom
Zin
Beogh

Shops:
D:7 =   D:11 (   Orc:1 *   Orc:2 ([=*

Annotations:
D:6 1 runed door


Innate Abilities, Weirdness & Mutations

You reflexively headbutt those who attack you in melee.
You have a pair of horns on your head.
You have razor-sharp toenails.
Your body sometimes deteriorates upon taking damage.


Message History

An orc warrior comes into view. It is wielding a trident.
You swap places.
Your troll bites the orc!
The orc dies!
The yaktaur shoots a bolt.
The bolt hits your troll!
You see here a bolt.
The hill giant hits your troll with a giant spiked club!!
Your troll dies!
Your troll's corpse dissolves into shadows!
The yaktaur shoots a bolt.
The bolt hits you.
* * * LOW HITPOINT WARNING * * *
You see here a bolt.
The hill giant closely misses your hell hound.
The yaktaur shoots a bolt.
The bolt completely misses you.
Your hell hound bites the hill giant.
There is a stone staircase leading up here.
Your hell hound bites the hill giant.
The yaktaur shoots a bolt.
The bolt hits you!!
You die...
Your body disappears without a glow.

#### ..# #.# .
#####.##########.#
##......c.....((...
#...(..hC†.()(...).
#.@###(######C###.(
#..# #.# #.....).
#..# #.# ##c###c.
#..# #.# #.# ( #..#
#.# #.# #..# #.#
#.# .... ... ..#
#..# #.# ### ...#
#.#


You could see a hill giant, a yaktaur and a friendly hell hound.

Vanquished Creatures
  Gastronok (D:8)
  2 orc warlords (Orc:1)
  Nessos (D:12)
  2 centaur warriors
  A tengu warrior (D:13)
  5 orc high priests
  3 unseen horrors
  An anubis guard (Orc:2)
  2 hill giants (D:10)
  4 orc knights
  3 orc sorcerers
  A manticore (Orc:1)
  3 ugly things
  3 centaur zombies
  2 gargoyles
  A komodo dragon (D:11)
  2 yaktaurs (D:14)
  10 trolls
  A jumping spider (Orc:1)
  4 two-headed ogres
  Sigmund (D:3)
  A shadow (D:13)
  18 yaks
  A wraith (D:10)
  A human (D:8)
  2 hippogriffs
  3 steam dragons
  A hungry ghost (D:9)
  2 wargs (Orc:1)
  A mottled dragon (D:13)
  2 porcupines (Orc:1)
  A black bear (D:12)
  38 orc warriors
  A necrophage (D:5)
  An ice beast (D:5)
  11 ogres
  3 phantoms
  13 centaurs
  A crocodile (D:8)
  2 big kobolds
  Blork the orc (D:5)
  10 giant frogs
  A gnoll sergeant (D:11)
  4 scorpions
  5 wights
  9 killer bees
  An electric eel (D:10)
  A howler monkey (D:7)
  3 jellies
  5 crimson imps
  6 hounds
  4 centaur skeletons
  2 giant frog zombies
  17 orc priests
  Crazy Yiuf (D:3)
  A giant frog skeleton (D:12)
  A gnoll shaman (Orc:2)
  3 iguanas
  Ijyb (D:2)
  Natasha (thrice) (D:2)
  23 orc wizards
  16 worker ants
  3 sheep (D:8)
  Robin (D:2)
  6 gnolls
  A howler monkey skeleton (D:9)
  18 adders
  An ooze (Orc:2)
  An adder skeleton (D:8)
  3 worms
  6 giant geckos
  84 orcs
  6 ball pythons
  11 bats
  17 giant cockroaches
  13 goblins
  5 hobgoblins
  7 jackals
  8 quokkas
  A giant gecko zombie (D:5)
  16 giant newts
  24 kobolds
  A quokka zombie (D:5)
  14 rats
  7 fungi (Orc:2)
528 creatures vanquished.

Vanquished Creatures (collateral kills)
  Agnes (D:14)
  A hydra (D:11)
  An orc knight (Orc:1)
  A slime creature (D:14)
  Joseph (D:8)
  A yaktaur (D:14)
  A troll (Orc:1)
  6 orc warriors
  A big kobold (D:13)
  2 orc priests (Orc:1)
  2 orc wizards
  3 orcs
  2 kobolds (D:13)
23 creatures vanquished.

Vanquished Creatures (others)
  A yaktaur (D:14)
  An orc wizard (D:14)
  3 fungi (Orc:2)
  2 plants (D:11)
7 creatures vanquished.

Grand Total: 558 creatures vanquished

Notes
Turn   | Place    | Note
--------------------------------------------------------------
     0 | D:1      | magog001 the Minotaur Hunter began the quest for the Orb.
     0 | D:1      | Reached XP level 1. HP: 18/18 MP: 0/0
   201 | D:1      | Reached XP level 2. HP: 25/25 MP: 1/1
   330 | D:1      | Reached skill level 5 in Slings
  1169 | D:2      | Reached XP level 3. HP: 30/30 MP: 2/2
  1305 | D:2      | Reached skill level 1 in Armour
  1530 | D:2      | Reached skill level 1 in Stealth
  1533 | D:2      | Reached XP level 4. HP: 30/37 MP: 3/3
  1657 | D:2      | Noticed Natasha
  1662 | D:2      | Killed Natasha
  1843 | D:2      | Noticed Robin
  1854 | D:2      | Reached skill level 6 in Slings
  1863 | D:2      | Killed Robin
  1924 | D:2      | Noticed Ijyb
  1931 | D:2      | Killed Ijyb
  1931 | D:2      | Reached XP level 5. HP: 42/42 MP: 4/4
  1954 | D:2      | Noticed Natasha
  1957 | D:2      | Killed Natasha
  2223 | D:2      | Noticed Natasha
  2248 | D:2      | Killed Natasha
  2561 | D:3      | Noticed Crazy Yiuf
  2564 | D:3      | Killed Crazy Yiuf
  2564 | D:3      | Reached skill level 7 in Slings
  2663 | D:3      | Found a shadowy altar of Dithmenos.
  2667 | D:3      | Noticed Sigmund
  2674 | D:3      | Killed Sigmund
  2674 | D:3      | Reached XP level 6. HP: 46/50 MP: 5/5
  2826 | D:3      | Found a glowing drain.
  2830 | Sewer    | Entered a sewer
  3223 | Sewer    | Reached skill level 8 in Slings
  3223 | Sewer    | Reached XP level 7. HP: 48/56 MP: 6/6
  3575 | D:3      | Found a faded altar to an unknown god.
  3781 | D:4      | Found a white marble altar of Elyvilon.
  3944 | D:4      | Reached skill level 9 in Slings
  4173 | D:4      | Reached XP level 8. HP: 60/62 MP: 7/7
  4374 | D:5      | Entered Level 5 of the Dungeon
  4426 | D:5      | Reached skill level 10 in Slings
  5054 | D:5      | Found an opulent altar of Gozag.
  5054 | D:5      | Found an oddly glowing altar of Pakellas.
  5054 | D:5      | Found a sparkling altar of Nemelex Xobeh.
  5054 | D:5      | Noticed Blork the orc
  5060 | D:5      | Killed Blork the orc
  5061 | D:5      | Found a burning altar of Makhleb.
  5061 | D:5      | Found a shattered altar of Ashenzari.
  5092 | D:5      | Became a worshipper of Nemelex Xobeh the Trickster
  5117 | D:5      | Reached skill level 5 in Dodging
  5219 | D:5      | Received a gift from Nemelex Xobeh
  5536 | D:5      | Reached skill level 11 in Slings
  5758 | D:6      | Reached * piety under Nemelex Xobeh
  5836 | D:6      | Found a glowing silver altar of Zin.
  5838 | D:6      | Found a runed door.
  5838 | D:6      | Noticed an angel
  6002 | D:6      | Found a staircase to the Ecumenical Temple.
  6132 | D:7      | Found an ancient bone altar of Kikubaaqudgha.
  6151 | D:7      | Reached XP level 9. HP: 68/68 MP: 8/8
  6802 | D:7      | Reached skill level 12 in Slings
  7047 | D:7      | Reached ** piety under Nemelex Xobeh
  7047 | D:7      | Received a gift from Nemelex Xobeh
  7073 | D:7      | Reached skill level 14 in Slings
  7073 | D:7      | Reached XP level 10. HP: 74/74 MP: 9/9
  7142 | D:7      | Found Tazxo's Jewellery Emporium.
  7161 | D:7      | Received a gift from Nemelex Xobeh
  7665 | D:8      | Noticed Gastronok
  7686 | D:8      | Killed Gastronok
  7991 | D:8      | Received a gift from Nemelex Xobeh
  8211 | D:8      | Noticed Joseph
  8233 | D:8      | Killed Joseph
  8233 | D:8      | Reached XP level 11. HP: 51/81 MP: 10/10
  8395 | D:8      | Reached skill level 15 in Slings
  8882 | D:9      | Reached skill level 10 in Dodging
  8890 | D:9      | Noticed a centaur warrior
  8901 | D:9      | Killed a centaur warrior
  8928 | D:9      | Reached *** piety under Nemelex Xobeh
  8987 | D:9      | Found a shimmering altar of Xom.
  8987 | D:9      | Found a deep blue altar of Sif Muna.
  8988 | D:9      | Found a shadowy altar of Dithmenos.
  9162 | D:9      | Received a gift from Nemelex Xobeh
  9255 | D:9      | Found a staircase to the Orcish Mines.
  9416 | D:9      | Received a gift from Nemelex Xobeh
  9545 | D:9      | Found an iron altar of Okawaru.
 10118 | Orc:1    | Entered Level 1 of the Orcish Mines
 10123 | Orc:1    | Found Enef's Assorted Antiques.
 10130 | Orc:1    | Received a gift from Nemelex Xobeh
 10138 | Orc:1    | Bought a potion of curing for 75 gold pieces
 10138 | Orc:1    | Bought a potion of curing for 75 gold pieces
 10138 | Orc:1    | Bought a scroll labeled VUULOILU ECOSH for 25 gold pieces
 10200 | Orc:1    | Reached **** piety under Nemelex Xobeh
 10230 | Orc:2    | Entered Level 2 of the Orcish Mines
 10235 | Orc:2    | Found a staircase to the Elven Halls.
 10246 | Orc:2    | Noticed an orc high priest
 10246 | Orc:2    | Noticed an orc knight
 10295 | Orc:1    | Reached skill level 16 in Slings
 10307 | Orc:1    | Killed an orc knight
 10487 | Orc:2    | Noticed an orc high priest
 10488 | Orc:2    | Noticed an orc warlord
 10518 | Orc:2    | Noticed an orc knight
 10525 | Orc:2    | Noticed a soul eater
 10673 | Orc:1    | an orc knight changed into a manticore
 10859 | Orc:1    | Killed an orc high priest
 11025 | Orc:2    | Killed an orc high priest
 11046 | Orc:1    | Bought a legendary deck of cards for 650 gold pieces
 11150 | Orc:2    | Found Eqavaysm's Antique Weapon Emporium.
 11206 | Orc:1    | Drew Focus: Str increased to 21, Int decreased to 7
 11209 | Orc:1    | HP: 2/81 [orc warlord/great sword (10)]
 11822 | Orc:2    | Noticed an orc knight
 11839 | Orc:1    | Reached skill level 1 in Evocations
 12010 | Orc:1    | Killed an orc knight
 12502 | Orc:2    | Noticed an orc high priest
 12505 | Orc:2    | Noticed a sun demon
 12507 | Orc:2    | Noticed a soul eater
 12661 | Orc:2    | Killed an orc high priest
 12661 | Orc:2    | Reached XP level 12. HP: 84/88 MP: 11/11
 12737 | Orc:2    | Found Ifaulelu's Antique Armour Shop.
 12891 | Orc:2    | Bought a runed hunting sling for 34 gold pieces
 12958 | Orc:2    | Found Bawih's Jewellery Emporium.
 12982 | Orc:2    | Noticed an orc high priest
 13473 | Orc:2    | Killed an orc high priest
 13473 | Orc:2    | Reached skill level 17 in Slings
 13556 | Orc:2    | Received a gift from Nemelex Xobeh
 13559 | Orc:2    | Found Dopoxu's General Store.
 13730 | Orc:2    | Bought 20 sling bullets for 130 gold pieces
 14271 | Orc:1    | Noticed an orc warlord
 14350 | Orc:1    | Killed an orc warlord
 14350 | Orc:1    | Reached skill level 1 in Short Blades
 14697 | Orc:1    | Reached skill level 18 in Slings
 14779 | Orc:1    | Killed an orc warlord
 14806 | Orc:1    | You fall through a shaft!
 15124 | Orc:1    | Paralysed by an orc sorcerer for 6 turns
 15134 | Orc:1    | Reached skill level 10 in Armour
 15995 | Orc:1    | Found a roughly hewn altar of Beogh.
 16000 | Orc:1    | Noticed an orc high priest
 16190 | Orc:1    | Killed an orc high priest
 16190 | Orc:1    | Reached XP level 13. HP: 58/94 MP: 13/13
 16981 | Orc:2    | Bought a scroll of enchant armour for 97 gold pieces
 17082 | D:10     | Entered Level 10 of the Dungeon
 17417 | D:10     | Received a gift from Nemelex Xobeh
 17572 | D:10     | You fall through a shaft!
 18097 | D:11     | Found a staircase to the Lair.
 18227 | D:11     | Reached ***** piety under Nemelex Xobeh
 18251 | D:11     | Found Ruvuwk's Weapon Emporium.
 18442 | D:11     | Received a gift from Nemelex Xobeh
 19681 | D:11     | Bought 11 sling bullets for 93 gold pieces
 19693 | D:12     | Received a gift from Nemelex Xobeh
 19794 | D:12     | Noticed Nessos
 19796 | D:12     | Reached skill level 19 in Slings
 19836 | D:12     | Killed Nessos
 20194 | D:12     | Reached skill level 1 in Long Blades
 20233 | D:12     | Gained mutation: You have sharp toenails. [mutagenic meat]
 20782 | D:13     | Received a gift from Nemelex Xobeh
 21167 | D:13     | Gained mutation: You have razor-sharp toenails. [mutagenic meat]
 21169 | D:13     | Gained mutation: Your body sometimes deteriorates upon taking damage. [mutagenic meat]
 21969 | D:14     | Received a gift from Nemelex Xobeh
 21969 | D:14     | Noticed Agnes
 21980 | D:14     | Killed Agnes
 22451 | D:14     | HP: 4/99 [yaktaur/bolt (17)]
 22473 | D:14     | Shot with a bolt by a yaktaur

Skill      XL: |  1  2  3  4  5  6  7  8  9 10 11 12 13 |
---------------+----------------------------------------+-----
Slings         | 5 6 7 8 9 11 14 16 18 19 | 19.6
Armour         | 1 2 3 4 7 8 9 10 | 10.8
Stealth        | 1 |  1.5
Dodging        | 3 4 5 9 11 12 | 12.5
Evocations     | 1 |  1.8
Short Blades   | 1 |  1.3
Fighting       | 3 4 |  4.4
Long Blades    | 2 |  2.6

Action                   |  1- 3 |  4- 6 |  7- 9 | 10-12 | 13-15 || total
-------------------------+-------+-------+-------+-------+-------++-------
Melee: Falchion          |       |    14 |       |       |   173 ||   187
       Headbutt          |       |     2 |     4 |    64 |    88 ||   158
       Short sword       |       |       |    24 |   236 |    67 ||   327
       Kick              |       |       |       |       |    44 ||    44
 Fire: Hunting sling     |    96 |   126 |   344 |   880 |   423 ||  1869
       Blowgun           |       |       |       |       |     6 ||     6
Throw: Stone             |       |       |       |    15 |       ||    15
       Tomahawk          |       |       |       |    21 |    11 ||    32
Evoke: Wand              |     1 |     5 |       |    14 |     6 ||    26
       Deck              |       |       |     1 |    28 |     9 ||    38
       Phantom mirror    |       |       |       |       |     1 ||     1
  Use: Scroll            |     2 |     3 |     6 |    10 |     7 ||    28
       Potion            |       |       |     9 |    13 |     8 ||    30
 Stab: Distracted        |       |       |       |       |     1 ||     1
  Eat: Chunk             |     2 |     3 |     9 |    18 |    10 ||    42
       Meat ration       |       |     1 |     1 |     1 |     1 ||     4
       Pizza             |       |     1 |       |     1 |     3 ||     5
       Fruit             |       |       |       |     6 |     1 ||     7
       Beef jerky        |       |       |       |       |     2 ||     2
Armor: Leather armour    |     6 |     1 |       |       |       ||     7
       Ring mail         |       |    13 |    40 |   135 |   200 ||   388
Dodge: Dodged            |    41 |    35 |    74 |   427 |   461 ||  1038
